 Dungeon Sprint DCSS version 0.20-a0-556-g892c87b (webtiles) character file.

234 dvd the Basher (level 7, -21/81 HPs)
             Began as a Troll Berserker on Feb 4, 2017.
             Was an Elder of Trog.
             Demolished by a naga warlord
             ... wielding a +0 flail
              (29 damage)
             ... in the Dungeon (Sprint VI: "Thunderdome").
             The game lasted 00:06:40 (406 turns).

dvd the Basher (Troll Berserker)                     Turns: 406, Time: 00:06:41

Health: -21/81     AC:  7    Str: 24    XL:     7   Next: 98%
Magic:  0/6        EV: 13    Int: 10    God:    Trog [****..]
Gold:   81         SH:  0    Dex: 19    Spells: 6/6 levels left

rFire    + + .     SeeInvis +   a - +0 mace
rCold    + + .     Gourm    +   s - +2 animal skin "Lazeon" {+Fly Int+7}
rNeg     + . .     Faith    .   (no shield)
rPois    .         Spirit   +   (helmet restricted)
rElec    +         Reflect  .   (no cloak)
rCorr    .         Harm     .   (gloves unavailable)
MR       +++..     NoTele   +   (boots unavailable)
Stlth    ++........             n - amulet of Surprise {Spirit *Drain rF+ MR+++}
Regen    0.7/turn               o - ring "Beschun" {rElec rN+ Str-2 Dex+8 SInv}
                                p - ring "Okinoaq" {rElec rF+ rC++}

@: constricted
A: unfitting armour, claws 3, fast metabolism 3, gourmand, regeneration 1,
shaggy fur 1, tough skin 2
a: Berserk, Trog's Hand, Brothers in Arms, Burn Spellbooks, Renounce Religion,
Evoke Flight


You were in the Dungeon.
You worshipped Trog.
Trog was greatly pleased with you.
You were very full.

You visited 1 branch You collected 600 gold pieces.
You spent 519 gold pieces at shops.

Inventory:

Hand Weapons
 a - a +0 mace (weapon)
 q - a +3 scythe of venom
Armour
 b - a +0 animal skin
 r - the +0 robe of Levity {rElec MR+ Slay-5 SInv}
   (You bought it in a shop in the Dungeon)

   It affects your accuracy and damage with ranged weapons and melee attacks
   (-5).
   It insulates you from electricity.
   It affects your resistance to hostile enchantments.
   It lets you see invisible.
 s - the +2 animal skin "Lazeon" (worn) {+Fly Int+7}
   (You bought it in a shop in the Dungeon)

   It affects your intelligence (+7).
   It lets you fly.
Jewellery
 n - the amulet of Surprise (around neck) {Spirit *Drain rF+ MR+++}
   (You bought it in a shop in the Dungeon)

   [amulet of guardian spirit]

   It causes incoming damage to be split between your health and magic.
   It protects you from fire.
   It affects your resistance to hostile enchantments.
   It causes draining when unequipped.
 o - the ring "Beschun" (right claw) {rElec rN+ Str-2 Dex+8 SInv}
   (You bought it in a shop in the Dungeon)

   [ring of positive energy]

   It affects your strength (-2).
   It affects your dexterity (+8).
   It insulates you from electricity.
   It protects you from negative energy.
   It lets you see invisible.
 p - the ring "Okinoaq" (left claw) {rElec rF+ rC++}
   (You bought it in a shop in the Dungeon)

   [ring of protection from fire]

   It protects you from fire.
   It greatly protects you from cold.
   It insulates you from electricity.
Wands
 j - a wand of acid (3/15)
 k - a wand of iceblast (5/15)
Scrolls
 i - 4 scrolls of blinking
 l - 3 scrolls of fog
Potions
 d - a potion of curing
 e - 3 potions of heal wounds
 f - 4 potions of haste
 g - 2 potions of magic
 h - a potion of berserk rage
 m - a potion of resistance
Comestibles
 c - 2 bread rations


   Skills:
 + Level 8.5 Fighting
 + Level 10.3 Maces & Flails
 + Level 1.0 Polearms
 + Level 8.1 Dodging
 + Level 1.5 Stealth


You had 6 spell levels left.
You didn't know any spells.

Dungeon Overview and Level Annotations

Branches:
Dungeon (1/1)

Altars:
Cheibriados
Dithmenos
Fedhas
Gozag
Kikubaaqudgha
Makhleb
Okawaru
Qazlal
Ru
Sif Muna
Trog
Uskayaw
Vehumet
Xom
Yredelemnul
Zin
The Shining One
Beogh
Jiyva
Lugonu

Shops:
D *[%??*?*:[((!!!!


Innate Abilities, Weirdness & Mutations

You are too large for most types of armour.
You have claws for hands.
Your metabolism is lightning-fast.
You like to eat raw meat.
Your natural rate of healing is unusually fast.
You are covered in fur. (AC +1)
You have very tough skin. (AC +2)


Message History

You thump the naga warlord!
The naga warlord is heavily wounded.
The naga warlord is no longer covered in acid.
Your ogre hits the naga warlord with a giant club!!
The naga warlord spits poison at your ogre.
The splash of poison hits your ogre.
Your ogre is poisoned.
The naga warlord constricts you.
You sock the naga warlord!
The naga warlord is almost dead.
Your ogre barely misses the naga warlord.
The naga warlord hits you with a flail!
* * * LOW HITPOINT WARNING * * *
x2 The naga warlord constricts you.
Unknown command.
You completely miss the naga warlord.
The naga warlord is almost dead.
Your ogre misses the naga warlord.
The naga warlord hits you with a flail!!
You die...

#⌠...........
######.8...).....8
##∩.__......###....
###∩.....[.(8.# #.8..
##.............###....
#⌠......(...###...###†
#⌠......(...# #.<.# #.
#⌠...NO.....###...###.
##...@.........###†...
###∩..†.†...8.# #.8†.
##∩___......###....
######.8.[.......8
#⌠.....[.....
###.........#
#_.[....._#
#_........#
#_......._#


You could see a naga warlord and a friendly ogre (berserk).

Vanquished Creatures
  Sigmund (D)
  Grum (D)
  2 water moccasins (D)
  2 wolves (D)
  4 killer bees (D)
  Jessica (D)
  Terence (D)
  3 adders (D)
  A kobold (D)
  2 ball pythons (D)
18 creatures vanquished.

Vanquished Creatures (collateral kills)
  2 wolves (D)
2 creatures vanquished.

Grand Total: 20 creatures vanquished

Notes
Turn   | Place    | Note
-------+----------+-------------------------------------------
     0 | D        | dvd the Troll Berserker began the quest for the Orb.
     0 | D        | Reached XP level 1. HP: 22/22 MP: 0/0
     1 | D        | Found a bloodstained altar of Trog.
     1 | D        | Found a blossoming altar of Fedhas.
     2 | D        | Found a deep blue altar of Sif Muna.
     2 | D        | Found a sacrificial altar of Ru.
     3 | D        | Found an iron altar of Okawaru.
     4 | D        | Found Oches's Bee Food.
     4 | D        | Found a glowing golden altar of the Shining One.
     4 | D        | Found a stormy altar of Qazlal.
     4 | D        | Found Zenuin's Identification Station.
     5 | D        | Found Meohetil's Jewellery.
     5 | D        | Found Ogryaqia's Advanced Armour.
     5 | D        | Round 1.
    13 | D        | Bought a coiled ruby amulet for 45 gold pieces
    13 | D        | Bought a slimy steel ring for 45 gold pieces
    13 | D        | Bought a translucent bronze ring for 45 gold pieces
    13 | D        | Identified the ring "Okinoaq" {rElec rF+ rC++} (You bought it in a shop in the Dungeon)
    14 | D        | Identified the amulet of Surprise {Spirit *Drain rF+ MR+++} (You bought it in a shop in the Dungeon)
    15 | D        | Identified the ring "Beschun" {rElec rN+ Str-2 Dex+8 SInv} (You bought it in a shop in the Dungeon)
    20 | D        | Found a burning altar of Makhleb.
    20 | D        | Noticed Sigmund
    21 | D        | Found a basalt altar of Yredelemnul.
    22 | D        | Found a radiant altar of Vehumet.
    24 | D        | Found Zuiptaboe's Premium Goods.
    31 | D        | Killed Sigmund
    31 | D        | Reached skill level 5 in Fighting
    31 | D        | Reached skill level 6 in Maces & Flails
    31 | D        | Reached skill level 5 in Dodging
    31 | D        | Reached XP level 2. HP: 15/36 MP: 1/1
    31 | D        | Reached XP level 3. HP: 18/44 MP: 2/2
    31 | D        | Reached XP level 4. HP: 22/52 MP: 3/3
    31 | D        | Reached XP level 5. HP: 25/59 MP: 4/4
    32 | D        | Found a snail-covered altar of Cheibriados.
    32 | D        | Found an ancient bone altar of Kikubaaqudgha.
    32 | D        | Found Byick's Weapon Rack.
    32 | D        | Found Noych's Miscellaneous Merchandise.
    32 | D        | Found Bawn's Basic Armour.
    61 | D        | Noticed Terence
    78 | D        | Noticed Jessica
    91 | D        | Killed Terence
    91 | D        | Reached ** piety under Trog
    96 | D        | Killed Jessica
    96 | D        | Reached skill level 7 in Maces & Flails
   130 | D        | Found a viscous altar of Jiyva.
   130 | D        | Found an opulent altar of Gozag.
   130 | D        | Found a hide-covered altar of Uskayaw.
   130 | D        | Found Yqolulug's Magic Scroll Shop.
   130 | D        | Found Tystrya's Staff Store.
   132 | D        | Arena points: 12 (+12) [x2]
   133 | D        | Found Coffez's Magic Scroll Shop.
   133 | D        | Found Qofuub's Must-Have Magic.
   150 | D        | Found a glowing silver altar of Zin.
   167 | D        | Found a roughly hewn altar of Beogh.
   168 | D        | Found a shimmering altar of Xom.
   169 | D        | Found Dedghun's Distillery.
   169 | D        | Found a shadowy altar of Dithmenos.
   169 | D        | Found a corrupted altar of Lugonu.
   169 | D        | Found Fifeack's Do-It-Yourself Clinic.
   169 | D        | Round 2.
   170 | D        | Found Waeph's Distillery.
   170 | D        | Found Kubemiz's Bottled Wisdom.
   170 | D        | Noticed a water moccasin
   179 | D        | Killed a water moccasin
   179 | D        | Reached *** piety under Trog
   179 | D        | Reached XP level 6. HP: 71/71 MP: 5/5
   201 | D        | Noticed a water moccasin
   212 | D        | Killed a water moccasin
   212 | D        | Reached **** piety under Trog
   212 | D        | Reached skill level 8 in Maces & Flails
   215 | D        | Arena points: 54 (+42) [x3]
   231 | D        | Round 3.
   244 | D        | Reached skill level 1 in Stealth
   255 | D        | Reached skill level 9 in Maces & Flails
   255 | D        | Reached XP level 7. HP: 57/79 MP: 3/6
   296 | D        | Reached ***** piety under Trog
   303 | D        | Arena points: 114 (+60) [x4]
   310 | D        | Bought an ominously black robe for 199 gold pieces
   318 | D        | Round 4.
   320 | D        | Identified the +0 robe of Levity {rElec MR+ Slay-5 SInv} (You bought it in a shop in the Dungeon)
   336 | D        | Reached skill level 10 in Maces & Flails
   336 | D        | Reached skill level 1 in Polearms
   343 | D        | Noticed Grum
   359 | D        | Killed Grum
   378 | D        | Arena points: 234 (+120) [x5]
   383 | D        | Bought a warped animal skin for 185 gold pieces
   388 | D        | Round 5.
   389 | D        | Noticed a naga warlord
   393 | D        | Identified the +2 animal skin "Lazeon" {+Fly Int+7} (You bought it in a shop in the Dungeon)
   406 | D        | Demolished by a naga warlord

Vault maps used:
D:        arena_sprint

Skill      XL: |  1  2  3  4  5  6  7 |
---------------+----------------------+-----
Fighting       | 5 7 8 |  8.5
Maces & Flails | 6 7 9 10 | 10.3
Dodging        | 5 6 7 8 |  8.1
Stealth        | 1 |  1.5
Polearms       | 1 |  1.0

Action                   |  1- 3 |  4- 6 |  7- 9 || total
-------------------------+-------+-------+-------++-------
Melee: Mace              |     7 |    75 |    51 ||   133
       Scythe            |       |     1 |       ||     1
Invok: Berserk           |     1 |     2 |     1 ||     4
       Trog's Hand       |       |     1 |     2 ||     3
       Brothers in Arms  |       |       |     2 ||     2
Evoke: Wand              |       |       |     2 ||     2
  Use: Potion            |       |     1 |       ||     1
  Eat: Chunk             |       |     8 |     6 ||    14
Armor: Animal skin       |       |    18 |     2 ||    20
       Robe              |       |       |     5 ||     5
Dodge: Dodged            |     1 |    64 |    46 ||   111
